 Dungeon Crawl Stone Soup version 0.19-a0-1035-gdbfb0c6 (webtiles) character file.

73 mistymad the Skirmisher (level 4, 0/37 HPs)
             Began as a Formicid Abyssal Knight on July 29, 2016.
             Was a Believer of Lugonu.
             Engulfed by a cloud of flame (11 damage)
             ... on level 3 of the Dungeon.
             The game lasted 00:05:48 (2065 turns).

mistymad the Skirmisher (Formicid Abyssal Knight)   Turns: 2065, Time: 00:05:51

Health: 0/37       AC:  6    Str: 17    XL:     4   Next: 51%
Magic:  5/5        EV: 11    Int: 12    God:    Lugonu [**....]
Gold:   158        SH:  0    Dex: 10    Spells: 0 memorised, 3 levels left

rFire  . . .     SeeInvis +     a - +2 hand axe
rCold  . . .     Gourm    .     m - +1 ring mail
rNeg   . . .     Faith    .     (no shield)
rPois  .         Spirit   .     (helmet unavailable)
rElec  .         Dismiss  .     (no cloak)
rCorr  .         Reflect  .     (no gloves)
SustAt .         Harm     .     (no boots)
MR     .....                    (no amulet)
Stlth  ..........               (no ring)
                                (no ring)

@: not resistant to hostile enchantments, extremely unstealthy
A: permanent stasis, dig shafts and tunnels, four strong arms, antennae 3
a: Dig, Shaft Self, Depart the Abyss, Bend Space, Renounce Religion


You were on level 3 of the Dungeon.
You worshipped Lugonu.
Lugonu was pleased with you.
You were not hungry.

You visited 1 branch of the dungeon, and saw 3 of its levels.
You visited the Abyss 1 time.

You collected 158 gold pieces.

Inventory:

Hand Weapons
 a - a +2 hand axe (weapon)
Missiles
 o - 3 javelins (quivered)
Armour
 m - a +1 ring mail (worn)
Scrolls
 d - a scroll of remove curse
 e - a scroll of recharging
 j - a scroll of amnesia
 p - a scroll of immolation
Potions
 f - a potion of mutation
 l - a potion of curing
 q - a potion of resistance {unknown}
 s - 2 potions of flight {unknown}
Comestibles
 c - 6 bread rations
 r - a chunk of flesh


   Skills:
 + Level 4.1 Fighting
 + Level 2.4 Axes
 + Level 3.1 Armour
 + Level 1.9 Dodging
 - Level 2.1 Invocations


You had 3 spell levels left.
You didn't know any spells.

Dungeon Overview and Level Annotations

Branches:
Dungeon (3/15)

Altars:


Innate Abilities, Weirdness & Mutations

You are under a permanent stasis effect.
You can dig through walls and to a lower floor.
Your four strong arms can wield two-handed weapons with a shield.
You have a pair of large antennae on your head. (SInv)


Message History

It is a scroll of amnesia.
You feel forgetful for a moment.
As you read the scroll labeled KUTZOZXUDU, it crumbles to dust.
You feel a strange sense of stasis.
It was a scroll of teleportation.
The rat moves out of view.
As you read the scroll labeled JOKLUI DYPET, it crumbles to dust.
It is a scroll of enchant weapon.
Your +1 hand axe glows red for a moment.
As you read the scroll labeled GECZOU WUIBONGISU, it crumbles to dust.
The creatures around you are filled with an inner flame!
It was a scroll of immolation.
A goblin comes into view. It is wielding a dagger.
You hit the rat.
The rat explodes!
The fiery explosion engulfs you!
Ouch! That really hurt!
* * * LOW HITPOINT WARNING * * *
Lugonu accepts your kill.
You are engulfed in roaring flames.
You die...

..# ##.......
.... .........
...###........
###..........
#...........
.......§.§#
#......§.§#
.......@# {
#.#....##
#.... #...##.
#.. #. .g .. .
.. { ..


You could see a goblin.

Vanquished Creatures
  3 adders (D:2)
  A worm (D:2)
  2 giant geckos (D:2)
  8 goblins
  8 hobgoblins
  4 kobolds
  A ball python (D:2)
  6 bats
  3 giant newts (D:1)
  7 rats
43 creatures vanquished.

Notes
Turn   | Place    | Note
-------+----------+-------------------------------------------
     0 | Abyss:1  | mistymad the Formicid Abyssal Knight began the quest for the Orb.
     0 | Abyss:1  | Reached XP level 1. HP: 18/18 MP: 2/2
     2 | Abyss:1  | Found a corrupted altar of Lugonu.
    30 | D:1      | Escaped the Abyss
    76 | D:1      | Reached skill level 1 in Dodging
   308 | D:1      | Reached XP level 2. HP: 20/24 MP: 3/3
   502 | D:1      | You fall through a shaft!
   517 | D:2      | Reached ** piety under Lugonu
   679 | D:2      | Reached XP level 3. HP: 24/30 MP: 4/4
  1141 | D:2      | Reached skill level 4 in Fighting
  1141 | D:2      | Reached XP level 4. HP: 17/37 MP: 5/5
  2065 | D:3      | Engulfed by a cloud of flame

Vault maps used:
D:1:      roderic_dead_forest, roderic_lattice_a, minmay_splitting_lines
D:2:      first_bread, minmay_pentomino_p4
D:3:      portal_sewer_entry_c, bloody_makhleb

Skill      XL: |  1  2  3  4 |
---------------+-------------+-----
Dodging        | 1 |  1.9
Fighting       | 4 |  4.1
Armour         | 3 |  3.1
Axes           | |  2.4
Invocations    | |  2.1

Action                   |  1- 3 |  4- 6 || total
-------------------------+-------+-------++-------
Melee: Hand axe          |    94 |    41 ||   135
  Use: Scroll            |       |    11 ||    11
  Eat: Chunk             |     1 |     3 ||     4
Armor: Leather armour    |     5 |       ||     5
       Ring mail         |    23 |    19 ||    42
Dodge: Dodged            |    61 |    24 ||    85
